 Dungeon Crawl Stone Soup version 0.29.1-2-gbd0b4ee654 (webtiles) character file.

Game seed: 17512520963003243276

152 Icepheonix32 the Grave Robber (level 5, -3/28 HPs)
             Began as a Deep Elf Necromancer on Nov 1, 2022.
             Succumbed to a scorpion's poison
             ... on level 4 of the Dungeon.
             The game lasted 00:03:58 (3574 turns).

Icepheonix32 the Grave Robber (DENe)                Turns: 3574, Time: 00:03:59

Health: -3/28      AC:  4    Str:  5 (7)  XL:     5   Next: 11%
Magic:  17/20      EV: 12    Int: 17 (20) God:
Gold:   123        SH:  0    Dex: 14 (15) Spells: 2/10 levels left

rFire   . . .      SeeInvis .   f - +0 rapier
rCold   . . .      Faith    .   (no shield)
rNeg    . . .      Spirit   .   a - +1 robe
rPois   .          Reflect  .   (no helmet)
rElec   .          Harm     .   (no cloak)
rCorr   .          Rampage  .   r - +0 pair of gloves
Will    .....                   (no boots)
Stlth   ++........              (no amulet)
HPRegen 0.09/turn               i - ring of magical power
MPRegen 0.17/turn               (no ring)

@: lethally poisoned (-3 -> -28), hasted, very quick
A: no striking features
a: no special abilities


You were on level 4 of the Dungeon.
You visited 1 branch of the dungeon, and saw 4 of its levels.

You collected 123 gold pieces.

Inventory:

Hand Weapons
 d - a +0 dagger
 f - a +0 rapier (weapon)
Armour
 a - a +1 robe (worn)
 r - a +0 pair of gloves (worn)
Jewellery
 i - a ring of magical power (left hand)
Wands
 k - a wand of flame (6)
 m - a wand of iceblast (6)
Scrolls
 g - 5 scrolls of identify
 j - 2 scrolls of noise
 l - a scroll of fog
 o - a scroll of torment
 p - a scroll of enchant weapon {unknown}
Potions
 b - a potion of magic


   Skills:
 - Level 2.4 Dodging
 - Level 2.4 Stealth
 - Level 3.0 Spellcasting
 + Level 7.8 Necromancy


You had 2 spell levels left.
You knew the following spells:

 Your Spells              Type           Power      Damage    Failure   Level
a - Necrotise             Necr           100%       1d9       1%          1
b - Vampiric Draining     Necr           29%        2d8       2%          3
c - Animate Dead          Necr           29%        N/A       7%          4

Your spell library contained the following spells:

 Spells                   Type           Power      Damage    Failure   Level
 Sting                    Tmut/Pois      8%         1d3       17%         1
 Agony                    Necr           29%        N/A       21%         5


Dungeon Overview and Level Annotations

Branches:
Dungeon (4/15)
 Temple: D:4-7

Altars:
Xom

Shops:
D:2 =


Message History

The scorpion is moderately wounded.
You feel very sick. The scorpion barely misses you.
It was a potion of haste.
You feel yourself speed up.
You feel very sick. The scorpion barely misses you.
Casting: Necrotise (safe; 1% risk of failure)
Confirm with . or Enter, or press ? or * to list all spells.
Aiming: Necrotise (safe; 1% risk of failure)
Press: ? - help, Shift-Dir - straight line, f - scorpion
Aim: a scorpion (moderately wounded, chance to affect: 83%)
The scorpion writhes in agony.
You feel sick. The scorpion closely misses you.
Unknown command.
Casting: Necrotise (safe; 1% risk of failure)
Confirm with . or Enter, or press ? or * to list all spells.
Aiming: Necrotise (safe; 1% risk of failure)
Press: ? - help, Shift-Dir - straight line, f/p - scorpion
Aim: a scorpion (moderately wounded, chance to affect: 83%)
The scorpion writhes in agony.
You feel sick. The scorpion stings you.
* * * LOW HITPOINT WARNING * * *
You are more poisoned.
The scorpion poisons you!
Unknown command.
Okay, then.
Okay, then.
As you read the scroll of identify, it crumbles to dust.
o - a scroll of torment
* * * LOW HITPOINT WARNING * * *
You feel very sick. The scorpion stings you.
* * * LOW HITPOINT WARNING * * *
You are more poisoned.
The scorpion poisons you!
Casting: Necrotise (safe; 1% risk of failure)
Confirm with . or Enter, or press ? or * to list all spells.
Aiming: Necrotise (safe; 1% risk of failure)
Press: ? - help, Shift-Dir - straight line, f/p - scorpion
Aim: a scorpion (moderately wounded, chance to affect: 83%)
The scorpion barely resists.
You die...

.# #....# ##
#....# ....# ##
##....# ....#
.### #.....#
.?..#
...#####†....#
...#
##..##.......#
#..#
##.....###..##
...# ##..###
##..###s.<# ####
#....@...#
#######....###..#
..!......### #
.........#
#######..# ##.#
#.. #... ##..


You could see a scorpion.

Vanquished Creatures
  A phantom (D:4)
  4 adders
  2 bats (D:1)
  6 endoplasms
  2 giant cockroaches (D:1)
  3 hobgoblins
  3 jackals (D:1)
  A kobold (D:1)
  2 quokkas
  5 ball pythons
  2 frilled lizards
  3 goblins
  8 rats
42 creatures vanquished.

Notes
Turn   | Place    | Note
-------+----------+-------------------------------------------
     0 | D:1      | Icepheonix32 the Deep Elf Necromancer began the quest for
                  | the Orb.
     0 | D:1      | Reached XP level 1. HP: 10/10 MP: 6/6
    87 | D:1      | Reached skill level 5 in Necromancy
   233 | D:1      | Reached XP level 2. HP: 15/15 MP: 6/8
   811 | D:1      | Found a faded altar of an unknown god.
   823 | D:1      | Got Plato's Book of Envenoming
  1106 | D:1      | Reached skill level 6 in Necromancy
  1335 | D:2      | Reached XP level 3. HP: 19/19 MP: 7/9
  1813 | D:2      | Found Acidghoc's Jewellery Shoppe.
  2382 | D:3      | Reached XP level 4. HP: 11/24 MP: 8/10
  3016 | D:3      | Learned a level 3 spell: Vampiric Draining
  3021 | D:3      | Learned a level 4 spell: Animate Dead
  3173 | D:4      | Found a shimmering altar of Xom.
  3197 | D:4      | Noticed a phantom
  3238 | D:4      | Killed a phantom
  3239 | D:4      | Reached skill level 7 in Necromancy
  3239 | D:4      | Reached XP level 5. HP: 14/28 MP: 11/11
  3573 | D:4      | HP: 1/28 [scorpion (2)]
  3574 | D:4      | Succumbed to a scorpion's poison

Illustrated notes

Levels and vault maps discovered:
D:1:      dpeg_arrival_ratfight, layout_basic,
          shapermc_ecumenical_altar_rom_forum, dreamdust_princess_bridge
D:2:      layout_basic, serial_shops, nicolae_shop_window_shopping, hex_large
D:3:      layout_loops_cross
D:4:      layout_layer_cave, general_overflow_altar,
          grunt_temple_overflow_order_and_chaos_1,
          nicolae_shop_i_like_big_books, chequers_decorated_corner,
          guppyfry_shop_venom

Skill      XL: |  1  2  3  4 |
---------------+-------------+-----
Necromancy     | 5 6 7 |  7.8
Dodging        | |  2.4
Stealth        | |  2.4
Spellcasting   | |  3.0

Action                   |  1- 3 |  4- 6 || total
-------------------------+-------+-------++-------
Melee: Rapier            |    27 |    51 ||    78
 Cast: Necrotise         |    52 |     3 ||    55
  Use: Scroll            |     5 |     1 ||     6
       Potion            |     2 |     6 ||     8
 Stab: Sleeping          |     2 |       ||     2
       Invisible         |       |     2 ||     2
       Distracted        |       |     1 ||     1
Armor: Robe              |     8 |    10 ||    18
Dodge: Dodged            |    33 |    38 ||    71
